Unix NetHack Version 3.7.0-58 Work-in-progress - last build May 9 2022 01:57:28 (68cf6e19034123fb635188453c0de67a0aba65fd,branch:master). Game began 2022-05-15 09:03:50, ended 2022-05-15 09:39:46. elenmirie, neutral female gnomish Healer --------------------------------- --------- |...............................| -.......| | -----..-|-----.-----....----.-## |...<...| |((?|..|..|..-.|...|.---- |.|#####........| |(m@|..|..|..|.|._(|)| |..## |.......| |@s.|.--------.-.[.|.| --+-.|# |.......| . --|--.|//.|....|...|.| |....| --------- .........|//.-....|----.--+-..{.| .. | -----...----.--+|..-..........| |%..-%.......| |..|..--+-....| | |%..|.....-|-| |----.| --+-.| | ..-----...-|...| |+!.|.| |.| |.......... ........|..|...| |[?.-.---- |.| | |.......+..|...| |%%+|....| |.| |.{.....--------+------....----. |...............................| --------------------------------- Elenmirie the Rhizotomist St:9 Dx:10 Co:13 In:11 Wi:16 Ch:16 Neutral Dlvl:5 $:359 HP:0(20) Pw:5(5) AC:-2 Xp:1/12 T:1783 Hungry Latest messages: Really save? [yn] (n) y Saving... Restoring save file... Hello elenmirie, the gnomish Healer, welcome back to NetHack! You are lucky! Full moon tonight. You swap places with Yermak. The priestess of Poseidon intones: "Pilgrim, you enter a sacred place!" You have a forbidding feeling... You swap places with Yermak. You hear the splashing of a naiad. You swap places with Yermak. You attack thin air. Suddenly, a section of the wall closes up! You are beginning to feel hungry. "Hello, elenmirie! Welcome again to Izchak's lighting store!" You see here a candle (for sale, 8 zorkmids). (For instructions type a '?') Call a candle: tallow Wait! That's a small mimic! The small mimic hits! You miss the small mimic. You miss the small mimic. The small mimic misses! You miss the small mimic. You miss the small mimic. You hit the small mimic. You miss the small mimic. You hear some noises in the distance. You miss the small mimic. You miss the small mimic. The small mimic misses! You miss the small mimic. The small mimic hits! The dungeon acoustics noticeably change. You hit the small mimic. You hit the small mimic! You hit the small mimic. The small mimic hits! You miss the small mimic. The small mimic hits! You hit the small mimic. The cave spider bites! You die... Izchak gratefully inherits all your possessions. Do you want to see what you had when you died? [ynq] (y) y Do you want to see your attributes? [ynq] (y) y Do you want an account of creatures vanquished? [ynaq] (y) y Do you want to see your conduct and achievements? [ynq] (y) y Do you want to see the dungeon overview? [ynq] (y) y Major events: Turn 1: elenmirie the neutral female gnomish Healer entered the dungeon 317: entered the Gnomish Mines 1346: reached Mine Town 1783: killed by a cave spider Inventory: Coins $ - 359 gold pieces Weapons B - a blessed +0 dagger w - 4 uncursed +0 daggers a - an uncursed +0 scalpel v - an uncursed +0 silver saber (weapon in hand) Armor I - an uncursed +0 helmet (being worn) b - an uncursed +1 pair of leather gloves (being worn) G - an uncursed +1 pair of low boots (being worn) E - an uncursed +0 dwarvish cloak (being worn) K - an uncursed +0 studded leather armor (being worn) Comestibles j - 5 uncursed apples L - 3 uncursed food rations y - a cursed tripe ration z - an uncursed lichen corpse Scrolls q - an uncursed scroll of remove curse Potions e - an uncursed potion of extra healing C - a blessed potion of sleeping r - an uncursed potion of water Wands f - an uncursed wand of sleep (0:7) Tools A - an uncursed magic lamp k - an uncursed oil lamp c - an uncursed stethoscope x - an uncursed towel D - an uncursed towel Elenmirie the Healer's attributes: Background: You were a Rhizotomist, a level 1 female gnomish Healer. You were neutral, on a mission for Hermes who was opposed by Athena (lawful) and Poseidon (chaotic). You were in the Gnomish Mines, on level 5. You entered the dungeon 1783 turns ago. There was a full moon in effect when your adventure ended. You had 12 experience points, 8 more were needed to attain level 2. Basics: You had 0 out of 20 hit points. You had all 5 energy points (spell power). Your armor class was -2. Your wallet contained 359 zorkmids. Autopickup was on, but temporarily disabled while inside the shop. Final Characteristics: Your strength was 9 (limit:18/50). Your dexterity was 10 (limit:18). Your constitution was 13 (limit:18). Your intelligence was 11 (limit:19). Your wisdom was 16 (limit:18). Your charisma was 16 (limit:18). Final Status: You were hungry. You were unencumbered. You were wielding a saber. You were unskilled in saber. Final Attributes: You were devoutly aligned. You were poison resistant. You had infravision. You had a small defense bonus (+4). You were warded. You were lucky. You are dead. Miscellaneous: You never encountered a bones level. Total elapsed playing time was 21 minutes and 29 seconds. Vanquished creatures: 2 watchmen a shrieker 2 gnomish wizards 3 dwarves 4 hobbits a hobgoblin 7 giant rats 2 cave spiders a green mold 2 gnomes a gnome zombie 5 geckos 2 jackals 2 kobolds 2 sewer rats 6 grid bugs 4 lichens 2 kobold zombies 5 newts 54 creatures vanquished. No species were genocided or became extinct. Voluntary challenges: You were illiterate. You never engraved Elbereth. You never genocided any monsters. You never polymorphed an object. You never changed form. You used no wishes. Achievements: You entered the Gnomish Mines. You entered a shop. You entered Minetown. You entered a temple. The Dungeons of Doom: levels 1 to 2 Level 1: Level 2: A weapon shop, a fountain. Stairs down to The Gnomish Mines. The Gnomish Mines: levels 3 to 5 Level 3: Level 4: Level 5: <- You were here. Many shops, a temple, some fountains. Final resting place for you, killed by a cave spider. Game over: ---------- / \ / REST \ / IN \ / PEACE \ / \ | elenmirie | | 359 Au | | killed by a cave | | spider | | | | | | 2022 | *| * * * | * _________)/\\_//(\/(/\)/\//\/|_)_______ Goodbye elenmirie the Healer... You died in The Gnomish Mines on dungeon level 5 with 248 points, and 359 pieces of gold, after 1783 moves. You were level 1 with a maximum of 20 hit points when you died.